 Dungeon Crawl Stone Soup version 0.25.1-11-g244df3a29b (webtiles) character file.

Game seed: 5854334617092404692

22763 DeepDeath the Cleaver (level 13, -5/157 HPs)
             Began as a Hill Orc Enchanter on Jan 2, 2024.
             Was a High Priest of Okawaru.
             Slain by Jorgrun
             ... wielding an uncursed staff of earth
              (9 damage)
             ... on level 12 of the Dungeon.
             The game lasted 01:16:49 (20171 turns).

DeepDeath the Cleaver (Hill Orc Enchanter)         Turns: 20171, Time: 01:16:49

Health: -5/157     AC: 17    Str: 16    XL:     13   Next: 2%
Magic:  18/19      EV: 12    Int: 15    God:    Okawaru [*****.]
Gold:   388        SH:  6    Dex: 11    Spells: 16/20 levels left

rFire    . . .     SeeInvis +   G - +0 broad axe
rCold    + . .     Gourm    .   U - +0 buckler
rNeg     . . .     Faith    +   d - +2 robe {MR+}
rPois    +         Spirit   .   O - +2 helmet {SInv}
rElec    .         Reflect  .   x - +2 cloak {rPois}
rCorr    .         Harm     .   (no gloves)
MR       +....                  g - +0 pair of boots
Stlth    ..........             C - amulet of faith
HPRegen  0.36/turn              r - ring of protection from cold
MPRegen  0.16/turn              K - +4 ring of protection

@: mighty, berserking, heroism, grasped by roots, constricted, lightly drained,
very quick
A: no striking features
a: Heroism, Finesse, Renounce Religion


You were on level 12 of the Dungeon.
You worshipped Okawaru.
Okawaru was extremely pleased with you.
You were not hungry.

You visited 3 branches of the dungeon, and saw 18 of its levels.

You collected 1039 gold pieces.
You spent 651 gold pieces at shops.

Inventory:

Hand Weapons
 q - a +0 hunting sling
 s - a +0 war axe of flaming
 w - a +3 war axe of electrocution
 G - a +0 broad axe (weapon)
 N - a +2 dagger of protection
Missiles
 A - a silver boomerang (quivered)
 B - 26 boomerangs
 D - 38 poisoned darts
 T - 6 datura-tipped darts
 Z - 10 curare-tipped darts
Armour
 d - a +2 robe of magic resistance (worn)
 g - a +0 pair of boots (worn)
 k - the +1 chain mail of the Iron City of Dis {rC+ rN+ Str-5 Stlth+, unknown}
   (Okawaru gifted it to you on level 4 of the Lair of Beasts)

   It affects your strength (-5).
   It protects you from cold.
   It protects you from negative energy.
   It makes you more stealthy.
 x - a +2 cloak of poison resistance (worn)
 y - a +0 leather armour of fire resistance
 M - a +3 leather armour of cold resistance
 O - a +2 helmet of see invisible (worn)
 U - a +0 buckler (worn)
Magical Staves
 H - an uncursed staff of cold
Jewellery
 i - an uncursed ring of positive energy
 r - a ring of protection from cold (left hand)
 C - an amulet of faith (around neck)
 F - an uncursed ring of poison resistance
 K - a +4 ring of protection (right hand)
Wands
 m - a wand of digging (4)
 J - a wand of flame (19)
 L - a wand of iceblast (5)
 P - a wand of paralysis (13)
 Q - a wand of clouds (3)
 X - a wand of disintegration (33)
Scrolls
 b - 2 scrolls of enchant armour
 j - 5 scrolls of fog
 l - 7 scrolls of teleportation
 t - 9 scrolls of remove curse
 u - 3 scrolls of fear
 V - a scroll of noise
Potions
 a - 4 potions of stabbing
 e - a potion of degeneration {unknown}
 h - a potion of lignification {unknown}
 n - 3 potions of ambrosia
 o - 2 potions of resistance
 p - 6 potions of curing
 z - a potion of might
 E - a potion of magic
 I - 2 potions of brilliance
 W - 3 potions of flight
 Y - 2 potions of invisibility
Comestibles
 f - 23 rations


   Skills:
 + Level 7.0(11.4) Fighting
 - Level 4.0(8.4) Short Blades
 + Level 13.6(20.1) Axes
   Level 11.9(18.1) Maces & Flails
 - Level 2.0(6.5) Throwing
 - Level 5.0(9.4) Armour
 - Level 2.0(6.5) Dodging
 - Level 3.0(7.5) Stealth
 - Level 5.0(9.4) Shields
 - Level 4.0(3.5) Spellcasting
 - Level 7.0(6.5) Hexes
 - Level 9.0(8.4) Invocations
 - Level 2.0(1.5) Evocations


You had 16 spell levels left.
You knew the following spells:

 Your Spells              Type           Power        Failure   Level  Hunger
c - Corona                Hex            ###....      1%          1    None
t - Tukima's Dance        Hex            ###.....     4%          3    ###....

Your spell library contained the following spells:

 Spells                   Type           Power        Failure   Level  Hunger
 Confusing Touch          Hex            ###.....     4%          3    ###....
 Ensorcelled Hibernation  Hex/Ice        ##....       8%          2    ##.....
 Dazzling Flash           Conj/Hex       ##....       16%         3    ###....
 Beastly Appendage        Tmut           #.....       19%         1    None
 Shock                    Conj/Air       #...         19%         1    None
 Sticks to Snakes         Tmut           #.......     28%         2    ##.....
 Swiftness                Chrm/Air       #.......     28%         2    ##.....
 Spider Form              Tmut/Pois      #.........   50%         3    ###....
 Static Discharge         Conj/Air       #.......     50%         3    ###....
 Airstrike                Air            #.........   88%         4    ####...
 Ice Form                 Ice/Tmut       #.......     88%         4    ####...
 Blade Hands              Tmut           #.........   99%         5    ######.
 Irradiate                Conj/Tmut      #.........   99%         5    ######.
 Lightning Bolt           Conj/Air       #.........   99%         5    ######.
 Hydra Form               Tmut           #.........   100%        6    #######
 Statue Form              Tmut/Erth      #........    100%        6    #######
 Dragon Form              Tmut           #.........   100%        7    #######


Dungeon Overview and Level Annotations

Branches:
Dungeon (12/15)            Temple (1/1) D:6            Lair (5/6) D:10
 Shoals (0/4) Lair:2       Spider (0/4) Lair:2        Slime (0/5) Lair:5
    Orc (0/2) D:11

Altars:
Ashenzari
Cheibriados
Dithmenos
Elyvilon
Fedhas
Gozag
Hepliaklqana
Kikubaaqudgha
Makhleb
Nemelex Xobeh
Okawaru
Qazlal
Ru
Sif Muna
Trog
Uskayaw
Vehumet
Wu Jian
Xom
Yredelemnul
Zin
The Shining One
Jiyva

Shops:
D:8 [(

Annotations:
D:12 Jorgrun
Lair:5 3 runed translucent doors, Panli's ghost, journeyman CeAM


Message History

You miss Jorgrun.
Jorgrun is heavily wounded.
Jorgrun barely misses you.
* * * LOW HITPOINT WARNING * * *
The grasping roots constrict you.
You hit Jorgrun.
Jorgrun is heavily wounded.
Unknown command.
Unknown command.
Unknown command.
You slice Jorgrun!!
Jorgrun is severely wounded.
Jorgrun hits you but does no damage. The grasping roots constrict you.
You slash Jorgrun!
Jorgrun is almost dead.
You barely miss Jorgrun.
Jorgrun is almost dead.
Jorgrun gestures at you while chanting.
You easily resist.
You die...

############## #########
#............# ........#
#....(.......#
........###............#
....<...'.#............#
........#..............#
........#..............#
###########............#
#.....@......#
##.#.#g#######
#....Y...# #####.##+#
.... ..... .......
........ ....


You could see Jorgrun and an ice beast.

Vanquished Creatures
  2 hydras
  A two-headed ogre (D:10)
  Sonja (Lair:3)
  An unseen horror (D:10)
  A deep elf mage (D:10)
  A manticore (D:11)
  4 elephants (Lair:3)
  4 spiny frogs
  A gargoyle (D:9)
  Maggie (D:9)
  2 komodo dragons
  2 trolls
  2 polar bears
  5 blink frogs (Lair:5)
  5 hippogriffs
  A spriggan (D:10)
  A shadow (D:11)
  5 wyverns
  4 yaks (Lair:4)
  3 hungry ghosts
  2 basilisks (Lair:4)
  2 wargs (D:11)
  Menkaure (D:6)
  9 water moccasins
  5 porcupines
  3 ice beasts
  A black bear (Lair:1)
  3 eyes of draining
  2 sky beasts (D:8)
  7 ogres
  5 orc warriors
  11 wolves
  11 crocodiles
  6 centaurs
  2 big kobolds
  15 bullfrogs
  A wyvern zombie (D:8)
  2 wyvern skeletons
  4 scorpions
  6 killer bees
  3 electric eels (D:10)
  2 vampire bats (Lair:1)
  5 wights (D:12)
  5 howler monkeys
  7 crimson imps
  A centaur zombie (D:7)
  A bullfrog zombie (D:5)
  8 hounds
  3 jellies
  2 bullfrog skeletons (D:10)
  5 orc priests
  4 iguanas
  3 centaur skeletons
  12 orc wizards
  11 hell rats (Lair:1)
  9 worker ants
  A killer bee zombie (D:9)
  2 hound skeletons
  Robin (D:1)
  2 worker ant zombies
  2 howler monkey skeletons
  7 adders
  13 river rats (Lair:1)
  An adder skeleton (D:5)
  5 worms
  5 dart slugs
  5 leopard geckos
  34 orcs
  9 giant cockroaches
  15 goblins
  3 hobgoblins
  4 jackals
  18 kobolds
  9 quokkas
  A ball python (D:2)
  15 bats
  A frilled lizard (D:4)
  2 leopard gecko skeletons
  17 rats
  2 butterflies
  A fungus (Lair:2)
  A plant (Lair:4)
402 creatures vanquished.

Notes
Turn   | Place    | Note
-------+----------+-------------------------------------------
     0 | D:1      | DeepDeath the Hill Orc Enchanter began the quest for the
                  | Orb.
     0 | D:1      | Reached XP level 1. HP: 14/14 MP: 3/3
   443 | D:1      | Reached XP level 2. HP: 22/22 MP: 4/4
   471 | D:1      | Reached skill level 1 in Fighting
  1064 | D:2      | Noticed Robin
  1244 | D:1      | Killed Robin
  1244 | D:1      | Reached XP level 3. HP: 10/28 MP: 2/5
  2359 | D:2      | Reached XP level 4. HP: 34/36 MP: 6/6
  2590 | D:2      | Reached skill level 1 in Throwing
  2921 | D:2      | Found a shattered altar of Ashenzari.
  2921 | D:2      | Found a bloodstained altar of Trog.
  2921 | D:2      | Found a blossoming altar of Fedhas.
  2921 | D:2      | Found a sacrificial altar of Ru.
  3344 | D:2      | Found a hazy altar of Hepliaklqana.
  3344 | D:2      | Found a glowing silver altar of Zin.
  3473 | D:3      | Reached XP level 5. HP: 41/41 MP: 7/7
  3895 | D:3      | Reached skill level 1 in Maces & Flails
  4589 | D:4      | Found a hide-covered altar of Uskayaw.
  4605 | D:4      | Reached XP level 6. HP: 44/48 MP: 8/8
  4841 | D:5      | Entered Level 5 of the Dungeon
  5061 | D:5      | Reached skill level 5 in Maces & Flails
  5061 | D:5      | Reached XP level 7. HP: 55/55 MP: 9/9
  5222 | D:5      | Found a sparkling altar of Nemelex Xobeh.
  5531 | D:5      | Found a shimmering blue altar of Sif Muna.
  5912 | D:6      | Reached skill level 1 in Evocations
  5962 | D:6      | Found a staircase to the Ecumenical Temple.
  5974 | D:6      | Reached XP level 8. HP: 46/61 MP: 11/11
  5983 | Temple   | Entered the Ecumenical Temple
  6134 | Temple   | Became a worshipper of Warmaster Okawaru
  6548 | D:6      | Noticed Menkaure
  6786 | D:6      | Killed Menkaure
  6786 | D:6      | Reached skill level 1 in Invocations
  6886 | D:7      | Reached * piety under Okawaru
  6913 | D:7      | Reached skill level 1 in Armour
  7007 | D:7      | Found a radiant altar of Vehumet.
  7278 | D:7      | Noticed a hippogriff
  7288 | D:7      | Killed a hippogriff
  7288 | D:7      | Reached ** piety under Okawaru
  7736 | D:7      | Reached XP level 9. HP: 69/69 MP: 8/12
  7991 | D:7      | Reached skill level 10 in Maces & Flails
  8091 | D:7      | Found a snail-covered altar of Cheibriados.
  8170 | D:7      | Learned a level 3 spell: Tukima's Dance
  8200 | D:8      | Found a shimmering altar of Xom.
  8291 | D:7      | Reached skill level 1 in Axes
  8474 | D:8      | Reached *** piety under Okawaru
  8474 | D:8      | Reached skill level 2 in Axes
  8560 | D:8      | Received a gift from Okawaru
  8560 | D:8      | Reached skill level 3 in Axes
  8620 | D:8      | Found Ittuynyh's Weapon Boutique.
  8674 | D:8      | Reached skill level 4 in Axes
  8694 | D:8      | Reached XP level 10. HP: 62/79 MP: 10/14
  8743 | D:8      | Found Orhuowio's Armour Shoppe.
  8747 | D:8      | Bought a +1 cloak of poison resistance for 189 gold pieces
  8758 | D:8      | Reached skill level 5 in Axes
  9003 | D:8      | Found a shadowy altar of Dithmenos.
  9494 | D:9      | Found a runed translucent door.
  9495 | D:9      | Found a runed translucent door.
  9498 | D:9      | Noticed a gargoyle
  9504 | D:9      | Killed a gargoyle
  9504 | D:9      | Reached **** piety under Okawaru
  9504 | D:9      | Reached skill level 6 in Axes
  9507 | D:9      | Reached skill level 5 in Fighting
  9920 | D:9      | Noticed Maggie
  9937 | D:9      | Killed Maggie
  9937 | D:9      | Reached skill level 7 in Axes
  9987 | D:10     | Entered Level 10 of the Dungeon
  9987 | D:10     | Noticed an unseen horror
 10010 | D:10     | Killed an unseen horror
 10010 | D:10     | Reached skill level 5 in Hexes
 10118 | D:10     | Noticed a deep elf mage
 10334 | D:10     | Found a staircase to the Lair.
 10334 | D:10     | Killed a deep elf mage
 10334 | D:10     | Reached skill level 8 in Axes
 10489 | D:10     | Reached skill level 5 in Invocations
 10820 | D:10     | Reached XP level 11. HP: 77/86 MP: 15/15
 10881 | D:10     | Reached ***** piety under Okawaru
 10959 | D:10     | Reached skill level 9 in Axes
 11167 | D:10     | Noticed a two-headed ogre
 11359 | D:10     | Killed a two-headed ogre
 11359 | D:10     | Reached skill level 1 in Shields
 12043 | D:10     | Received a gift from Okawaru
 12043 | D:10     | Reached skill level 5 in Armour
 12349 | D:8      | Bought a +0 leather armour of fire resistance for 126 gold
                  | pieces
 12441 | D:9      | Reached skill level 10 in Axes
 12827 | D:11     | Noticed a cyan ugly thing
 12861 | D:11     | Found a burning altar of Makhleb.
 12862 | D:11     | Noticed a manticore
 12876 | D:11     | Killed a manticore
 13096 | D:11     | Found a staircase to the Orcish Mines.
 13727 | Lair:1   | Entered Level 1 of the Lair of Beasts
 15115 | D:8      | Bought a +3 leather armour of cold resistance for 336 gold
                  | pieces
 15175 | Lair:2   | Noticed a seven-headed hydra
 15192 | Lair:2   | Killed a seven-headed hydra
 15192 | Lair:2   | Reached skill level 11 in Axes
 15192 | Lair:2   | Reached XP level 12. HP: 73/95 MP: 7/17
 15255 | Lair:2   | Received a gift from Okawaru
 15319 | Lair:2   | Found a staircase to the Shoals.
 15640 | Lair:2   | Found a hole to the Spider Nest.
 16202 | Lair:3   | Noticed Sonja
 17176 | Lair:4   | Reached skill level 12 in Axes
 17202 | Lair:4   | Received a gift from Okawaru
 17205 | Lair:4   | Got a faintly humming chain mail {god gift}
 17543 | Lair:4   | Reached skill level 5 in Shields
 18310 | Lair:5   | Found a runed translucent gate.
 18311 | Lair:5   | Found a runed translucent gate.
 18312 | Lair:5   | Found a runed translucent gate.
 18319 | Lair:5   | Noticed Panli's ghost (journeyman CeAM)
 18323 | Lair:5   | Noticed a minotaur
 18344 | Lair:5   | Noticed a six-headed hydra
 18370 | Lair:5   | Killed a two-headed hydra
 18938 | Lair:5   | Found a viscous altar of Jiyva.
 18939 | Lair:5   | Found a staircase to the Slime Pits.
 18973 | Lair:5   | Reached skill level 13 in Axes
 19682 | Lair:3   | Killed Sonja
 19682 | Lair:3   | Reached XP level 13. HP: 105/105 MP: 17/19
 19868 | D:12     | Noticed Jorgrun
 20164 | D:12     | HP: 5/157 [Jorgrun/uncursed staff of earth (6)]
 20171 | D:12     | Slain by Jorgrun

Illustrated notes

Levels and vault maps discovered:
D:1:      co_arrival_square_in_a_square_in_a_square, layout_basic,
          minmay_misc_feat_cross
D:2:      minmay_general_purpose_star, layout_basic, minmay_overflow_temple_hex,
          uniq_robin
D:3:      layout_loops_ring, first_ration, chequers_serial_rivers_micro_e
D:4:      layout_rooms, overflow_temple_1_default, hangedman_decor_peaks_small,
          minmay_close_crescents
D:5:      layout_basic, tgw_sif, nicolae_overflow_crystal_walls,
          kennysheep_pointless_box
D:6:      layout_gridville, minmay_temple_entry_proselytizer, uniq_menkaure
D:7:      layout_gridville, nicolae_overflow_hidden_temple, old_standard_altar,
          grunt_ministairs_10
D:8:      layout_rooms, kennysheep_mini, kennysheep_mini_moat, serial_shops,
          shop, shop
D:9:      lemuel_insect_pit, layout_long_grid, uniq_maggie
D:10:     layout_loops_cross, erik_lair_island, hangedman_stone_soup
D:11:     layout_loops_cross, david_orc_3, minmay_misc_feat_chi,
          minmay_misc_feat_encased, bloody_makhleb
D:12:     layout_roguey, nzn_random_ring, uniq_jorgrun, uniq_frances
Temple:   chequers_temple_sunken
Lair:1:   lemuel_ratsnest, layout_hall_layers, chequers_serial_rivers_micro_d,
          roderic_batcave, lemuel_fruit_fields, grunt_megastairs_3
Lair:2:   layout_regular_city, shoals_dummy_entry, spider_nest_entry_a
Lair:3:   layout_cave_pods, beast_lair_carwin_11, serial_bayou_shore_b,
          uniq_sonja
Lair:4:   layout_regular_city, serial_bayou_shore_b
Lair:5:   layout_hall_layers, slime_altar_1, maelrawn_ghost_gauntlet_escape,
          chequers_serial_rivers_large_a

Skill      XL: |  1  2  3  4  5  6  7  8  9 10 11 12 |
---------------+-------------------------------------+-----
Fighting       | 1 2 3 4 5 7 |  7.0
Short Blades   | 2 3 4 |  4.0
Throwing       | 1 2 |  2.0
Maces & Flails | 2 5 6 9 10 11 | 11.9
Spellcasting   | 2 3 4 |  4.0
Evocations     | 1 2 |  2.0
Stealth        | 3 |  3.0
Invocations    | 2 3 5 6 9 |  9.0
Armour         | 3 4 5 |  5.0
Dodging        | 2 |  2.0
Axes           | 4 8 11 13 | 13.6
Hexes          | 5 7 |  7.0
Shields        | 3 5 |  5.0

Action                   |  1- 3 |  4- 6 |  7- 9 | 10-12 | 13-15 || total
-------------------------+-------+-------+-------+-------+-------++-------
Melee: Dagger            |   156 |   212 |    18 |       |       ||   386
       Mace              |       |       |   278 |    76 |       ||   354
       Punch             |       |       |     4 |     1 |       ||     5
       War axe           |       |       |       |   776 |       ||   776
       Broad axe         |       |       |       |     1 |    29 ||    30
Throw: Stone             |    23 |       |       |       |       ||    23
       Dart              |    13 |   101 |    45 |    74 |       ||   233
       Boomerang         |       |     7 |     7 |    54 |     9 ||    77
       Throwing net      |       |       |       |     1 |       ||     1
 Cast: Corona            |    26 |    21 |     6 |     6 |       ||    59
       Tukima's Dance    |       |       |       |     3 |       ||     3
Invok: Heroism           |       |       |    15 |    23 |     1 ||    39
       Finesse           |       |       |       |     4 |       ||     4
Evoke: Wand              |       |       |     2 |    10 |       ||    12
  Use: Scroll            |    11 |     4 |     4 |    20 |     1 ||    40
       Potion            |       |     3 |     3 |     2 |     2 ||    10
 Stab: Sleeping          |     3 |     3 |     1 |     9 |       ||    16
       Paralysed         |       |       |       |     6 |       ||     6
  Eat: Chunk             |     5 |     9 |     5 |    19 |       ||    38
       Ration            |       |       |     3 |     6 |       ||     9
Armor: Robe              |    46 |    41 |   125 |   284 |    12 ||   508
       Skin              |       |       |       |     1 |       ||     1
Dodge: Dodged            |    95 |   103 |   195 |   411 |    10 ||   814
Block: Buckler           |       |       |       |    90 |     4 ||    94
